 Dungeon Crawl Stone Soup version 0.21.1-1-g345015fe64 (webtiles) character file.

77 P0ring the Ducker (level 4, -1/21 HPs)
             Began as a Felid Berserker on Apr 14, 2018.
             Was a Follower of Trog.
             Slain by Duvessa
             ... wielding a +0 short sword
              (4 damage)
             ... on level 4 of the Dungeon.
             The game lasted 00:33:32 (4521 turns).

P0ring the Ducker (Felid Berserker)                 Turns: 4521, Time: 00:33:32

Health: -1/21      AC:  3    Str: 15    XL:     4   Next: 14%
Magic:  5/5        EV: 23    Int:  8    God:    Trog [*.....]
Gold:   144        SH:  0    Dex: 17    Spells: 3/3 levels left
                                        Lives:  0   Deaths: 1

rFire    . . .     SeeInvis +     - Unarmed
rCold    . . .     Gourm    .   (shield unavailable)
rNeg     . . .     Faith    .   (armour unavailable)
rPois    .         Spirit   .   (helmet unavailable)
rElec    .         Reflect  .   (cloak unavailable)
rCorr    .         Harm     .   (gloves unavailable)
MR       .....                  (boots unavailable)
Stlth    +++.......             (no amulet)
HPRegen  0.07/turn              (no ring)
MPRegen  0.09/turn              (no ring)

@: quick
A: very small, no armour, no weapons or thrown items, stealth, claws 1, fangs 3,
repulsion field 1, iridescent scales 1, see invisible, carnivore, speed 1,
screaming 1, shaggy fur 1, slow metabolism 1, strong 1, sharp paws
a: Berserk, Burn Spellbooks, Renounce Religion


You were on level 4 of the Dungeon.
You worshipped Trog.
Trog was aware of your devotion.
You were not hungry.

You visited 1 branch of the dungeon, and saw 4 of its levels.

You collected 144 gold pieces.

Inventory:

Jewellery
 g - an uncursed ring of poison resistance
Scrolls
 b - 2 scrolls of identify
 c - a scroll of amnesia
 d - 3 scrolls of enchant weapon
 i - a scroll of fog
Potions
 h - a potion of agility {unknown}
 j - a potion of mutation
 k - a potion of degeneration {unknown}
Comestibles
 a - 4 rations


   Skills:
 + Level 3.5 Fighting
 + Level 5.5 Dodging
 + Level 2.4 Stealth
 + Level 4.2 Unarmed Combat


You had 3 spell levels left.
You didn't know any spells.

Dungeon Overview and Level Annotations

Branches:
Dungeon (4/15)
 Temple: D:4-7

Altars:
Okawaru
Sif Muna

Annotations:
D:3 Grinder; Jessica; Sigmund; htuhola's ghost, weakling OpWz
D:4 Dowan; Duvessa; Eustachio; Menkaure


Innate Abilities, Weirdness & Mutations

You cannot wear armour.
You are incapable of wielding weapons or throwing items.
Your paws allow you to move quietly. (Stealth)
You have sharp claws.
You have razor-sharp teeth.
You have supernaturally acute eyesight. (SInv)
You are carnivorous and can eat meat at any time.
You cover ground quickly.
You are covered in fur. (AC +1)
You have a slow metabolism.
Your sharp claws are effective at attacking unaware monsters.
You are surrounded by a mild repulsion field. (EV +2)
You are partially covered in iridescent scales. (AC +2)
You occasionally shout uncontrollably at your foes.
Your muscles are strong. (Str +2)


Message History

You mangle the worm!!
You kill the worm!
Trog accepts your kill.
You feel yourself slow down. The shadow imp misses you.
You barely miss the shadow imp. The shadow imp hits you.
You see here a glowing buckler.
Eustachio opens the door.
The worker ant twitches its antennae in your direction.
The shadow imp completely misses you.
You closely miss the shadow imp.
Eustachio gestures wildly while chanting.
Eustachio blinks!
The shadow imp hits you.
You completely miss the shadow imp. The shadow imp gestures at you.
Pain shoots through your body!
* * * LOW HITPOINT WARNING * * *
You barely miss Duvessa. You bite Duvessa, but do no damage.
Duvessa hits you with a short sword.
You die...

#........#..r.r.<.#....#
#........#........#....#
#........#..M.....#er..#
#<########........#....# ###
#....########@...#
#....#.....##....#
#....#ra...##...(#
#######+##....#5##..##....#
#.....$......##@##.[##....#
#............#..e#..a.r...#
#....§.......#...'§†..r...#
#............#...#........#
##...........$###########..#
....########### ..# ....#
..# ....# ..# ....#


You could see Duvessa, a worker ant, a shadow imp and a quokka.

Vanquished Creatures
  Crazy Yiuf (D:3)
  4 adders
  An ooze (D:1)
  An adder skeleton (D:4)
  A worm (D:4)
  5 dart slugs
  5 leopard geckos
  4 giant cockroaches
  4 goblins
  10 hobgoblins
  2 jackals (D:2)
  2 quokkas
  A ball python (D:1)
  3 bats
  3 frilled lizards
  10 kobolds
  5 rats
62 creatures vanquished.

Notes
Turn   | Place    | Note
-------+----------+-------------------------------------------
     0 | D:1      | P0ring the Felid Berserker began the quest for the Orb.
     0 | D:1      | Reached XP level 1. HP: 10/10 MP: 2/2
   162 | D:1      | Reached XP level 2. HP: 8/14 MP: 3/3
  1395 | D:1      | Reached XP level 3. HP: 17/17 MP: 4/4
  1821 | D:2      | Reached skill level 1 in Stealth
  1822 | D:2      | Reached skill level 5 in Dodging
  1895 | D:2      | Gained mutation: Your spells are a little harder to cast, but a little more powerful. [potion of mutation]
  1895 | D:2      | Gained mutation: You possess an exceptional clarity of mind. [potion of mutation]
  2188 | D:2      | Reached XP level 4. HP: 21/21 MP: 5/5
  2190 | D:2      | Found an iron altar of Okawaru.
  2318 | D:2      | Found a deep blue altar of Sif Muna.
  2709 | D:3      | Noticed htuhola's ghost (weakling OpWz)
  3069 | D:3      | Lost mutation: Your spells are a little harder to cast, but a little more powerful. [potion of mutation]
  3069 | D:3      | Lost mutation: You possess an exceptional clarity of mind. [potion of mutation]
  3069 | D:3      | Gained mutation: You occasionally shout uncontrollably at your foes. [potion of mutation]
  3069 | D:3      | Gained mutation: You are partially covered in iridescent scales. (AC +2) [potion of mutation]
  3069 | D:3      | Gained mutation: Your muscles are strong. (Str +2) [potion of mutation]
  3069 | D:3      | Gained mutation: You are surrounded by a mild repulsion field. (EV +2) [potion of mutation]
  3163 | D:3      | Reached ** piety under Trog
  3615 | D:3      | Noticed Grinder
  3661 | D:3      | Noticed Sigmund
  4013 | D:3      | Found a runed door.
  4017 | D:3      | Noticed Crazy Yiuf
  4028 | D:3      | Killed Crazy Yiuf
  4028 | D:3      | Reached XP level 5. HP: 4/24 MP: 6/6
  4268 | D:3      | Noticed Jessica
  4348 | D:4      | Noticed Eustachio
  4408 | D:4      | Noticed Menkaure
  4420 | D:4      | Slain by Eustachio
  4421 | D:4      | Reached XP level 4. HP: -2/21 MP: 5/5
  4465 | D:4      | Noticed Dowan
  4466 | D:4      | Noticed Duvessa
  4521 | D:4      | Slain by Duvessa

Skill      XL: |  1  2  3  4 |
---------------+-------------+-----
Stealth        | 1 2 |  2.4
Dodging        | 5 |  5.5
Unarmed Combat | 4 |  4.2
Fighting       | |  3.5

Action                   |  1- 3 |  4- 6 || total
-------------------------+-------+-------++-------
Melee: Unarmed           |    93 |   111 ||   204
       Bite              |     9 |    10 ||    19
       Punch             |     2 |     3 ||     5
Invok: Berserk           |       |     1 ||     1
  Use: Potion            |     2 |     2 ||     4
       Scroll            |       |     9 ||     9
 Stab: Sleeping          |     7 |     3 ||    10
  Eat: Chunk             |    10 |       ||    10
Armor: Skin              |     1 |     8 ||     9
Dodge: Dodged            |    67 |   125 ||   192
